 Dungeon Crawl Stone Soup version 0.21.0-8-gf18e19db4a (webtiles) character file.

98 Jannitor the Changer (level 4, 32/32 HPs)
             Began as a Barachi Transmuter on Jan 17, 2018.
             Was a Follower of Zin.
             Quit the game on level 2 of the Dungeon.
             The game lasted 00:05:29 (1865 turns).

Jannitor the Changer (Barachi Transmuter)           Turns: 1865, Time: 00:05:30

Health: 32/32      AC:  2    Str: 12    XL:     4   Next: 69%
Magic:  7/7        EV: 12    Int: 14    God:    Zin [*.....]
Gold:   40         SH:  0    Dex: 12    Spells: 3/7 levels left

rFire    . . .     SeeInvis .     - Unarmed
rCold    . . .     Gourm    .   (no shield)
rNeg     . . .     Faith    .   b - +0 robe
rPois    .         Spirit   .   (no helmet)
rElec    .         Reflect  .   (no cloak)
rCorr    .         Harm     .   (no gloves)
MR       .....                  (no boots)
Stlth    +.........             j - amulet of regeneration
HPRegen  0.50/turn              (no ring)
MPRegen  0.10/turn              (no ring)

@: slow
A: +LOS, swims, slowness 1, strong legs 1
a: Hop, Recite, Donate Gold, Renounce Religion


You were on level 2 of the Dungeon.
You worshipped Zin.
Zin was aware of your devotion.
You were not hungry.

You visited 1 branch of the dungeon, and saw 2 of its levels.

You collected 44 gold pieces.
You donated 4 gold pieces to Zin.

Inventory:

Missiles
 a - 12 arrows
Armour
 b - a +0 robe (worn)
Jewellery
 j - an amulet of regeneration (around neck)
Scrolls
 e - a scroll of amnesia {unknown}
 f - a scroll of remove curse {unknown}
 g - 2 scrolls of identify {unknown}
 i - a scroll of fear {unknown}
 n - a scroll of fog {unknown}
Potions
 h - a potion of flight {unknown}
 k - a potion of heal wounds
 l - a potion of experience {unknown}
 m - a potion of curing {unknown}
Books
 c - a book of Changes

   Spells                             Type                      Level
   a - Beastly Appendage              Transmutation                1
   b - Sticks to Snakes               Transmutation                2
   c - Spider Form                    Transmutation/Poison         3
   d - Ice Form                       Ice/Transmutation            4
   e - Blade Hands                    Transmutation                5
Comestibles
 d - 2 rations


   Skills:
 + Level 1.2 Fighting
 - Level 2.1 Dodging
 + Level 3.2 Unarmed Combat
 - Level 2.1 Spellcasting
 - Level 4.6 Transmutations
 - Level 2.1 Poison Magic


You had 3 spell levels left.
You knew the following spells:

 Your Spells              Type           Power        Failure   Level  Hunger
a - Beastly Appendage     Tmut           ##....       3%          1    #......
b - Spider Form           Tmut/Pois      ##........   17%         3    ###....


Dungeon Overview and Level Annotations

Branches:
Dungeon (2/15)

Altars:
Cheibriados
Dithmenos
Makhleb
Nemelex Xobeh
Zin


Innate Abilities, Weirdness & Mutations

Shadows flee at your approach. (+LOS)
You can swim through water.
You cover ground slowly.
You can hop short distances.


Message History

The hobgoblin barely misses you.
You barely miss the hobgoblin.
The hobgoblin is almost dead.
The hobgoblin hits you but does no damage.
You barely miss the hobgoblin. You punch the hobgoblin.
You kill the hobgoblin!
Things that are here:
a club; a hobgoblin corpse
Casting: Spider Form
Confirm with . or Enter, or press ? or * to list all spells.
Casting this spell will place you under penance.
Really cast?
Okay, then.
Unknown command.
A rat comes into view.
Found a metallic emerald potion.
Unknown command.
Quiver which item? (- for none, * to show all) (? for menu, Esc to quit)
Okay, then.
Unknown command.
Are you sure you want to abandon this character and quit the game? (Confirm with "yes".)

#.#..## #.# #......... #.......#
##.# ###.#######
........8..###..#####........#
.....##.......#..........#.###..#
........8.....#[...#####.....##.#
...........>..#.##.......>.......
........8.....#.#########........
....###.......#########..........
.. ....8.)##.@..)....#........
#..#########........ #...
######### #... #.!. #.r. #...
#... #...


You could see a rat (sleeping).

Vanquished Creatures
  A hound skeleton (D:2)
  2 adders (D:2)
  A worm (D:2)
  4 dart slugs
  A leopard gecko (D:2)
  3 giant cockroaches (D:1)
  5 goblins (D:1)
  10 hobgoblins
  3 jackals (D:2)
  4 kobolds (D:1)
  A ball python (D:1)
  7 bats
  A frilled lizard (D:2)
  11 rats
54 creatures vanquished.

Notes
Turn   | Place    | Note
-------+----------+-------------------------------------------
     0 | D:1      | Jannitor the Barachi Transmuter began the quest for the Orb.
     0 | D:1      | Reached XP level 1. HP: 15/15 MP: 3/3
   344 | D:1      | Reached skill level 3 in Transmutations
   344 | D:1      | Reached XP level 2. HP: 18/21 MP: 5/5
   687 | D:1      | Reached XP level 3. HP: 20/26 MP: 4/6
   890 | D:1      | Learned a level 3 spell: Spider Form
  1197 | D:2      | Found a sparkling altar of Nemelex Xobeh.
  1232 | D:2      | Reached skill level 4 in Transmutations
  1232 | D:2      | Reached skill level 1 in Poison Magic
  1365 | D:2      | Reached XP level 4. HP: 28/32 MP: 3/7
  1791 | D:2      | Found a faded altar of an unknown god.
  1791 | D:2      | Found a snail-covered altar of Cheibriados.
  1798 | D:2      | Found a glowing silver altar of Zin.
  1800 | D:2      | Found a burning altar of Makhleb.
  1801 | D:2      | Found a shadowy altar of Dithmenos.
  1825 | D:2      | Became a worshipper of Zin the Law-Giver
  1825 | D:2      | Reached * piety under Zin
  1865 | D:2      | Quit the game

Skill      XL: |  1  2  3  4 |
---------------+-------------+-----
Transmutations | 3 4 |  4.6
Poison Magic   | 1 2 |  2.1
Fighting       | |  1.2
Dodging        | |  2.1
Unarmed Combat | |  3.2
Spellcasting   | |  2.1

Action                   |  1- 3 |  4- 6 || total
-------------------------+-------+-------++-------
Melee: Unarmed           |   122 |    60 ||   182
       Kick              |     4 |       ||     4
       Headbutt          |     2 |       ||     2
       Punch             |       |     1 ||     1
 Cast: Beastly Appendage |    11 |       ||    11
       Spider Form       |     3 |     6 ||     9
  Use: Potion            |     2 |       ||     2
 Stab: Sleeping          |     1 |     1 ||     2
  Eat: Chunk             |     2 |     3 ||     5
Armor: Robe              |    21 |     3 ||    24
       Skin              |     2 |     2 ||     4
Dodge: Dodged            |    83 |    45 ||   128
